 Dungeon Crawl Stone Soup version 0.23-a0-183-gf37f6fb (webtiles) character file.

19 4thArraOfDagon the Magician (level 2, -2/22 HPs)
             Began as a Mummy Warper on Sept 21, 2018.
             Slain by a hobgoblin (4 damage)
             ... on level 4 of the Dungeon.
             The game lasted 00:01:57 (324 turns).

4thArraOfDagon the Magician (Mummy Warper)           Turns: 324, Time: 00:01:58

Health: -2/22      AC:  5    Str: 14    XL:     2   Next: 55%
Magic:  5/5        EV: 11    Int: 12    God:
Gold:   19         SH:  0    Dex: 11    Spells: 6/6 levels left

rFire    x . .     SeeInvis .   a - +0 falchion
rCold    + . .     Gourm    .   (no shield)
rNeg     + + +     Faith    .   b - +0 leather armour
rPois    ∞         Spirit   .   (no helmet)
rElec    .         Reflect  .   (no cloak)
rCorr    .         Harm     .   f - +1 pair of gloves (curse)
MR       .....                  (no boots)
Stlth    +.........             (no amulet)
HPRegen  0.07/turn              h - ring of flight
MPRegen  0.09/turn              (no ring)

@: no status effects
A: no food or potions, fire vulnerability, cold resistance 1, negative energy
resistance 3, torment resistance, unbreathing
a: Evoke Flight


You were on level 4 of the Dungeon.
You were not hungry.

You visited 1 branch of the dungeon, and saw 4 of its levels.

You collected 19 gold pieces.

Inventory:

Hand Weapons
 a - a +0 falchion (weapon)
Missiles
 e - 5 tomahawks of dispersal (quivered)
Armour
 b - a +0 leather armour (worn)
 f - a cursed +1 pair of gloves (worn)
Jewellery
 h - a ring of flight (left hand)


   Skills:
 - Level 2.0 Fighting
 * Level 2.6 Long Blades
 - Level 0.7 Throwing
 - Level 0.7 Armour
 - Level 1.5 Dodging
 - Level 2.6 Spellcasting
   Level 2.4 Translocations


You had 6 spell levels left.
You didn't know any spells.
Your spell library contained the following spells:

 Spells                   Type           Power        Failure   Level  Hunger
 Blink                    Tloc           N/A          19%         2    N/A
 Shroud of Golubria       Chrm/Tloc      #.........   30%         2    N/A
 Gell's Gravitas          Tloc           #.........   34%         3    N/A
 Lesser Beckoning         Tloc           #.........   34%         3    N/A
 Teleport Other           Tloc           #.......     34%         3    N/A
 Passage of Golubria      Tloc           N/A          75%         4    N/A

Dungeon Overview and Level Annotations

Branches:
Dungeon (4/15)
 Temple: D:4-7

Altars:

Annotations:
D:2 Robin, Sigmund, Terence


Innate Abilities, Weirdness & Mutations

You do not eat or drink.
Your flesh is vulnerable to fire.
You are immune to poison.
Your flesh is cold resistant. (rC+)
You are immune to negative energy. (rN+++)
You are immune to unholy pain and torment.
You can survive without breathing.


Message History

* * * LOW HITPOINT WARNING * * *
Unknown command.
Unknown command.
Unknown command.
A jackal comes into view.
Unknown command.
The hobgoblin hits you.
* * * LOW HITPOINT WARNING * * *
The jackal stops to sniff the ground.
The hobgoblin hits you but does no damage.
Unknown command.
There is a stone staircase leading down here.
Unknown command.
The hobgoblin hits you but does no damage.
You climb downwards.
Found 13 gold pieces.
There is a stone staircase leading up here.
Unknown command.
You barely miss the hobgoblin. The hobgoblin hits you.
You die...

.....
..... #
...... .#
..... .#
#...###.##
#........#
#....g...#
#....@...#
#$..###.##
#.. # #. #


You could see a hobgoblin.

Vanquished Creatures
  An ooze (D:1)
  A leopard gecko (D:2)
  2 goblins
  2 hobgoblins
  A frilled lizard (D:2)
  3 kobolds (D:2)
  3 rats
13 creatures vanquished.

Notes
Turn   | Place    | Note
-------+----------+-------------------------------------------
     0 | D:1      | 4thArraOfDagon the Mummy Warper began the quest for the
                  | Orb.
     0 | D:1      | Reached XP level 1. HP: 16/16 MP: 4/4
    74 | D:1      | Reached XP level 2. HP: 17/22 MP: 5/5
   105 | D:2      | Noticed Sigmund
   208 | D:2      | Noticed Terence
   208 | D:2      | Noticed Robin
   306 | D:3      | HP: 1/22 [hobgoblin (2)]
   324 | D:4      | Slain by a hobgoblin

Vault maps used:
D:1:      roderic_crop_circles_arrival_small
D:2:      zin_scriptorium, first_ration, uniq_jessica, uniq_terence, uniq_robin,
          uniq_sigmund
D:3:      bloody_trog, tso_metal_star
D:4:      lemuel_crystal_altar, gammafunk_temple_overflow_pools, serial_shops,
          shop_scrolls

Skill      XL: |  1 |
---------------+----+-----
Long Blades    | 2 |  2.6
Fighting       | |  2.0
Throwing       | |  0.7
Armour         | |  0.7
Dodging        | |  1.5
Spellcasting   | |  2.6
Translocations | |  2.4

Action                   || total
-------------------------++-------
Melee: Falchion          ||    37
  Use: Scroll            ||     3
Armor: Leather armour    ||    10
Dodge: Dodged            ||    27
       Rpst.: Falchion   ||    10

Table legend:
 A = Non-vault XP
 B = Vault XP
 C = Vault XP percentage of total XP
 D = Non-vault monster count
 E = Vault monster count
 F = Vault count percentage of total count
                 A         B        C        D         E       F
            +---------+---------+-------+---------+---------+-------
      Total |      26 |       2 |   7.1 |      12 |       1 |   7.7
            +---------+---------+-------+---------+---------+-------
        D:1 |      13 |       0 |   0.0 |       4 |       0 |   0.0
        D:2 |      13 |       0 |   0.0 |       8 |       0 |   0.0
        D:3 |       0 |       2 | 100.0 |       0 |       1 | 100.0
            +---------+---------+-------+---------+---------+-------
